 Dungeon Crawl Stone Soup version 0.28.0-43-g3370ac3207 (webtiles) character file.

Game seed: 12353060076872366166

385 jimonade the Skirmisher (level 6, 0/39 HPs)
             Began as a Gargoyle Fighter on Mar 12, 2022.
             Frozen to death by an endoplasm (2 damage)
             ... on level 4 of the Dungeon.
             The game lasted 00:08:34 (2609 turns).

jimonade the Skirmisher (Gargoyle Fighter)          Turns: 2609, Time: 00:08:34

Health: 0/39       AC: 15    Str: 21    XL:     6   Next: 77%
Magic:  6/6        EV:  7    Int:  9    God:
Gold:   100        SH:  9    Dex:  9    Spells: 5/5 levels left

rFire   . . .      SeeInvis .   a - +0 trident
rCold   . . .      Faith    .   c - +0 buckler
rNeg    + . .      Spirit   .   m - +0 chain mail
rPois   ∞          Reflect  +   (no helmet)
rElec   +          Harm     .   (no cloak)
rCorr   .          Rampage  .   v - +0 pair of gloves
Will    .....                   (no boots)
Stlth   ..........              j - amulet of reflection
HPRegen 0.13/turn               (no ring)
MPRegen 0.10/turn               (no ring)

@: mighty
A: sickness immunity, AC +4, negative energy resistance 1, electricity
resistance, torment resistance 1, petrification resistance
a: no special abilities


You were on level 4 of the Dungeon.
You visited 1 branch of the dungeon, and saw 4 of its levels.

You collected 100 gold pieces.

Inventory:

Hand Weapons
 a - a +0 trident (weapon)
 t - a +0 hunting sling
 w - a +0 spear
 z - a +2 dagger of venom
Missiles
 f - 134 stones (quivered)
 k - 49 arrows
 s - 13 bolts
Armour
 b - a +0 scale mail
 c - a +0 buckler (worn)
 i - a +0 barding
 m - a +0 chain mail (worn)
 o - a +0 ring mail
 v - a +0 pair of gloves (worn)
Jewellery
 j - an amulet of reflection (around neck)
 p - a ring of magical power
 q - a ring of protection from cold
Scrolls
 e - a scroll of magic mapping {unknown}
 g - a scroll of immolation {unknown}
 h - 2 scrolls of blinking {unknown}
 n - 5 scrolls of identify {unknown}
 r - 2 scrolls of fear {unknown}
 y - a scroll of teleportation {unknown}
Potions
 d - a potion of might
 l - a potion of attraction {unknown}
 u - a potion of brilliance {unknown}
 x - a potion of heal wounds {unknown}


   Skills:
 + Level 4.7 Fighting
 + Level 4.3 Polearms
 + Level 4.3 Armour
 + Level 0.3 Dodging
 - Level 0.1 Stealth
 + Level 4.5 Shields


You had 5 spell levels left.
You didn't know any spells.
Your spell library contained the following spells:

 Spells                   Type           Power      Damage    Failure   Level
 Beastly Appendage        Tmut           0%         N/A       99%         1
 Wereblood                Tmut           0%         N/A       100%        2
 Spider Form              Tmut/Pois      0%         N/A       100%        3


Dungeon Overview and Level Annotations

Branches:
Dungeon (4/15)
 Temple: D:4-7

Altars:

Shops:
D:1 (   D:2 [(((   D:3 (


Innate Abilities, Weirdness & Mutations

You are immune to sickness and miasma.
Your stone body is resilient. (AC +4)
You are immune to poison.
You resist negative energy. (rN+)
You are resistant to electric shocks. (rElec)
You are resistant to unholy torment.
You are immune to petrification.


Message History

You block the steam dragon's attack.
You hit the steam dragon.
The steam dragon is severely wounded.
The steam dragon barely misses you.
The steam dragon claws you but does no damage.
You block the steam dragon's attack.
The steam dragon claws you but does no damage.
You hit the steam dragon.
The steam dragon is severely wounded.
The steam dragon breathes steam at you. The ball of steam hits you!
You barely miss the steam dragon.
The steam dragon is severely wounded.
You are engulfed in a cloud of scalding steam.
You block the steam dragon's attack.
The steam dragon claws you but does no damage.
You are too injured to fight recklessly!
You are too injured to fight recklessly!
You are too injured to fight recklessly!
You are too injured to fight recklessly!
You hit the steam dragon.
The steam dragon is almost dead.
You are engulfed in a cloud of scalding steam.
* * * LOW HITPOINT WARNING * * *
The steam dragon bites you but does no damage.
The steam dragon claws you but does no damage.
You hit the steam dragon.
You kill the steam dragon!
You are engulfed in a cloud of scalding steam.
* * * LOW HITPOINT WARNING * * *
Your Polearms skill increases to level 4!
Things that are here:
a +0 hunting sling; a goblin corpse You see here a hobgoblin corpse.
You barely miss the endoplasm. The endoplasm hits you.
* * * LOW HITPOINT WARNING * * *
You feel very mighty all of a sudden. The endoplasm freezes you.
You are frozen.
You die...

#.#.## #....#
##.#.# #.#.#
#...#
#########..##
#.......#...#
#####.......##).#
#...).@J.....†.>#
#.###.......#####
#.# #.......# #.#
#.......# #.#
#.......# #.#
#.......# #.#
######### #.# #.#


You could see an endoplasm.

Vanquished Creatures
  A steam dragon (D:4)
  A scorpion (D:3)
  7 gnolls
  5 adders
  2 worms (D:3)
  2 dart slugs
  5 bats
  7 endoplasms
  2 giant cockroaches (D:3)
  9 goblins
  9 hobgoblins
  6 jackals
  3 kobolds
  A quokka (D:1)
  8 ball pythons
  3 frilled lizards
  5 rats
76 creatures vanquished.

Notes
Turn   | Place    | Note
-------+----------+-------------------------------------------
     0 | D:1      | jimonade the Gargoyle Fighter began the quest for the Orb.
     0 | D:1      | Reached XP level 1. HP: 14/14 MP: 1/1
   163 | D:1      | Found Seschotoi's Antique Weapon Boutique.
   169 | D:1      | Reached XP level 2. HP: 19/19 MP: 2/2
   729 | D:1      | Reached XP level 3. HP: 23/23 MP: 3/3
  1201 | D:2      | Found Jukazul's Antique Weapon Shoppe.
  1285 | D:2      | Reached XP level 4. HP: 29/29 MP: 4/4
  1306 | D:2      | Found Xycvakhlo's Armour Shoppe.
  1307 | D:2      | Found Zeewargh's Antique Weapon Boutique.
  1326 | D:2      | Found Laduhiji's Weapon Boutique.
  1550 | D:2      | Found a faded altar of an unknown god.
  1794 | D:3      | Found Nimmol's Antique Weapon Emporium.
  1849 | D:3      | Reached XP level 5. HP: 33/33 MP: 5/5
  2476 | D:4      | Reached XP level 6. HP: 39/39 MP: 6/6
  2573 | D:4      | Noticed a steam dragon
  2590 | D:4      | Killed a steam dragon
  2609 | D:4      | Frozen to death by an endoplasm

Illustrated notes

Levels and vault maps discovered:
D:1:      dpeg_arrival_morbid_curiosity, layout_basic, serial_shops,
          nicolae_shop_crystal, hangedman_abyss_or_decor_lesser_grid
D:2:      layout_rooms, chequers_ecumenical_altar_simple_redux, serial_shops,
          shop_statue, nicolae_shop_hallway_stairs, shop, nicolae_shop_trees
D:3:      layout_rooms, serial_shops, shop_statue, minmay_quadrilaterals
D:4:      lemuel_castle_with_subvaults [lemuel_castle_interior_carwin_3],
          layout_basic, minmay_temple_entry_junction

Skill      XL: |  1  2  3  4  5  6 |
---------------+-------------------+-----
Polearms       | 2 3 4 |  4.3
Fighting       | 4 |  4.7
Shields        | 4 |  4.5
Armour         | 4 |  4.3
Dodging        | |  0.3
Stealth        | |  0.1

Action                   |  1- 3 |  4- 6 || total
-------------------------+-------+-------++-------
Melee: Trident           |   100 |   163 ||   263
  Use: Potion            |       |     1 ||     1
Armor: Scale mail        |    31 |       ||    31
       Chain mail        |       |    64 ||    64
Dodge: Dodged            |    29 |    37 ||    66
Block: Buckler           |    36 |    75 ||   111
       Reflection        |     2 |     1 ||     3
